[ AOE2 MATCH · #506147898 ]
UnrankedMongols vs Huns
Player's team · WIN
Rival team · LOSS
[ REPLAY ANALYSIS · EXTRACTED FROM THE RECORDED GAME ]
Feudal
8:26
Castle
24:57
Imperial
—
| APM avg | 67.9 |
| APM peak | 106 |
| eAPM avg | 22.9 |
| Villagers / military | 74 / 37 |
Focus
⚔️ 27.6% · 🌾 72.4%
Skirmisher ×23 · Cavalry Archer ×7 · Scout Cavalry ×5 · Knight ×2
Feudal
10:25
Castle
25:29
Imperial
—
| APM avg | 68.5 |
| APM peak | 103 |
| eAPM avg | 30.9 |
| Villagers / military | 46 / 67 |
Focus
⚔️ 39.9% · 🌾 60.1%
Archer ×29 · Knight ×19 · Spearman ×10 · Militia ×4 · Mangonel ×3 · Scorpion ×1
Match map
Initial resources + every placement click. Lines = walls · curves = elevation contours. ◆ gold · ⬟ stone · ● berries · ✦ relic · ◌ wall gap
Your base· Open — 7t gap
Pedro's base· Open — 9t gap
Smoothed initial terrain · ◌ = detected wall gap · hover for details
Inputs per minute
— j1nkerS - - Pedro
Build order — j1nkerS
First 150 of 195 actions detected
| 0:01 | Queue | Villager (Male) |
| 0:01 | Queue | Villager (Male) |
| 0:02 | Queue | Villager (Male) |
| 0:02 | Queue | Villager (Male) |
| 0:03 | Build | House |
| 0:04 | Build | House |
| 1:27 | Queue | Villager (Male) |
| 1:27 | Queue | Villager (Male) |
| 1:46 | Build | Lumber Camp |
| 1:53 | Queue | Villager (Male) |
| 2:30 | Queue | Villager (Male) |
| 2:30 | Queue | Villager (Male) |
| 2:30 | Queue | Villager (Male) |
| 3:16 | Queue | Villager (Male) |
| 3:17 | Build | Palisade Wall |
| 3:26 | Build | House |
| 3:38 | Queue | Villager (Male) |
| 3:38 | Queue | Villager (Male) |
| 3:39 | Queue | Villager (Male) |
| 4:35 | Build | Mill |
| 4:41 | Queue | Villager (Male) |
| 4:42 | Queue | Villager (Male) |
| 4:42 | Queue | Villager (Male) |
| 4:43 | Queue | Villager (Male) |
| 4:44 | Queue | Villager (Male) |
| 4:48 | Queue | Villager (Male) |
| 5:48 | Research | Loom |
| 6:09 | Research | Feudal Age |
| 6:46 | Build | House |
| 6:49 | Build | Palisade Wall |
| 6:52 | Build | Palisade Wall |
| 6:53 | Build | Palisade Wall |
| 7:27 | Build | Barracks |
| 7:40 | Build | Palisade Wall |
| 8:17 | Build | House |
| 8:26 | Age | Feudal Age |
| 8:26 | Queue | Villager (Male) |
| 8:29 | Build | Stable |
| 8:43 | Build | Palisade Wall |
| 8:46 | Build | Palisade Wall |
| 8:47 | Build | Palisade Wall |
| 8:54 | Queue | Villager (Male) |
| 9:18 | Queue | Villager (Male) |
| 9:22 | Build | House |
| 9:24 | Build | Palisade Wall |
| 9:34 | Queue | Scout Cavalry |
| 9:42 | Queue | Scout Cavalry |
| 9:43 | Queue | Villager (Male) |
| 9:53 | Queue | Scout Cavalry |
| 10:09 | Queue | Villager (Male) |
| 10:24 | Queue | Villager (Male) |
| 10:34 | Build | Mill |
| 10:54 | Queue | Villager (Male) |
| 11:04 | Queue | Villager (Male) |
| 11:40 | Build | Farm |
| 11:46 | Build | Farm |
| 11:48 | Queue | Scout Cavalry |
| 11:50 | Queue | Villager (Male) |
| 11:53 | Build | Farm |
| 11:54 | Build | Farm |
| 11:56 | Research | Horse Collar |
| 12:02 | Research | Double-Bit Axe |
| 12:29 | Queue | Villager (Male) |
| 12:46 | Queue | Scout Cavalry |
| 13:17 | Queue | Villager (Male) |
| 13:43 | Queue | Villager (Male) |
| 14:10 | Queue | Villager (Male) |
| 14:15 | Build | Farm |
| 14:17 | Build | Farm |
| 14:19 | Build | Farm |
| 14:26 | Build | Farm |
| 14:59 | Build | Farm |
| 15:00 | Queue | Villager (Male) |
| 15:05 | Build | House |
| 15:07 | Build | House |
| 15:10 | Research | Town Watch |
| 15:25 | Queue | Villager (Male) |
| 15:27 | Build | Archery Range |
| 15:31 | Build | Archery Range |
| 15:48 | Queue | Villager (Male) |
| 16:19 | Build | Blacksmith |
| 16:29 | Build | Lumber Camp |
| 16:33 | Queue | Skirmisher |
| 16:34 | Queue | Villager (Male) |
| 16:38 | Build | Farm |
| 16:49 | Build | Farm |
| 16:51 | Build | Farm |
| 16:56 | Queue | Skirmisher |
| 16:59 | Queue | Villager (Male) |
| 17:01 | Queue | Villager (Male) |
| 17:08 | Build | House |
| 17:09 | Research | Fletching |
| 17:20 | Build | Mining Camp |
| 17:29 | Queue | Villager (Male) |
| 17:46 | Queue | Villager (Male) |
| 17:54 | Queue | Skirmisher |
| 17:57 | Build | House |
| 18:04 | Build | House |
| 18:06 | Build | House |
| 18:08 | Build | House |
| 18:13 | Queue | Skirmisher |
| 18:20 | Build | Lumber Camp |
| 18:39 | Research | Padded Archer Armor |
| 18:40 | Queue | Villager (Male) |
| 18:44 | Build | House |
| 18:48 | Queue | Skirmisher |
| 18:58 | Queue | Villager (Male) |
| 19:01 | Queue | Skirmisher |
| 19:21 | Queue | Villager (Male) |
| 19:40 | Queue | Villager (Male) |
| 19:50 | Queue | Skirmisher |
| 20:09 | Queue | Skirmisher |
| 20:22 | Queue | Villager (Male) |
| 20:23 | Queue | Villager (Male) |
| 20:24 | Build | Farm |
| 20:26 | Build | Farm |
| 20:36 | Queue | Skirmisher |
| 20:44 | Build | Farm |
| 20:45 | Queue | Skirmisher |
| 20:51 | Queue | Villager (Male) |
| 20:53 | Build | Archery Range |
| 20:56 | Queue | Skirmisher |
| 21:08 | Build | Farm |
| 21:27 | Queue | Villager (Male) |
| 21:32 | Build | Farm |
| 21:48 | Queue | Villager (Male) |
| 21:51 | Build | Farm |
| 22:16 | Research | Castle Age |
| 22:35 | Build | Farm |
| 22:36 | Build | Farm |
| 22:38 | Queue | Skirmisher |
| 22:38 | Queue | Skirmisher |
| 22:46 | Queue | Skirmisher |
| 23:06 | Queue | Skirmisher |
| 23:31 | Build | House |
| 23:32 | Build | House |
| 23:34 | Build | Palisade Wall |
| 23:39 | Queue | Skirmisher |
| 23:53 | Queue | Skirmisher |
| 23:53 | Queue | Skirmisher |
| 23:57 | Queue | Villager (Male) |
| 24:11 | Queue | Skirmisher |
| 24:23 | Queue | Skirmisher |
| 24:45 | Queue | Villager (Male) |
| 24:48 | Queue | Skirmisher |
| 24:48 | Queue | Skirmisher |
| 24:57 | Age | Castle Age |
| 25:00 | Research | Elite Skirmisher (upgrade) |
| 25:01 | Research | Bodkin Arrow |
| 25:07 | Queue | Villager (Male) |
Build order — Pedro
First 150 of 197 actions detected
| 0:00 | Queue | Villager (Male) |
| 0:01 | Queue | Villager (Male) |
| 0:01 | Queue | Villager (Male) |
| 0:01 | Queue | Villager (Male) |
| 1:15 | Queue | Villager (Male) |
| 1:39 | Queue | Villager (Male) |
| 1:46 | Build | Lumber Camp |
| 2:12 | Queue | Villager (Male) |
| 2:46 | Queue | Villager (Male) |
| 2:47 | Queue | Villager (Male) |
| 3:19 | Queue | Villager (Male) |
| 3:49 | Queue | Villager (Male) |
| 4:38 | Queue | Villager (Male) |
| 4:50 | Build | Barracks |
| 4:57 | Queue | Villager (Male) |
| 5:15 | Queue | Villager (Male) |
| 5:40 | Queue | Villager (Male) |
| 5:47 | Queue | Militia |
| 5:48 | Queue | Militia |
| 5:48 | Queue | Militia |
| 5:58 | Build | Mill |
| 6:39 | Queue | Militia |
| 6:40 | Queue | Villager (Male) |
| 6:49 | Queue | Villager (Male) |
| 7:12 | Research | Loom |
| 8:15 | Research | Feudal Age |
| 8:33 | Build | Lumber Camp |
| 8:41 | Build | Mining Camp |
| 8:48 | Queue | Villager (Male) |
| 8:59 | Queue | Villager (Male) |
| 10:25 | Age | Feudal Age |
| 10:35 | Build | Watch Tower |
| 10:44 | Queue | Villager (Male) |
| 10:46 | Research | Man-at-Arms (upgrade) |
| 10:48 | Research | Double-Bit Axe |
| 10:48 | Queue | Villager (Male) |
| 10:55 | Build | Archery Range |
| 10:56 | Queue | Spearman |
| 11:24 | Build | Archery Range |
| 11:32 | Queue | Spearman |
| 11:32 | Queue | Spearman |
| 11:33 | Queue | Archer |
| 11:33 | Queue | Archer |
| 11:49 | Build | Farm |
| 11:52 | Build | Palisade Wall |
| 11:56 | Build | Palisade Wall |
| 11:57 | Build | Palisade Wall |
| 11:59 | Build | Palisade Wall |
| 12:01 | Build | Palisade Wall |
| 12:03 | Build | Palisade Wall |
| 12:05 | Build | Palisade Wall |
| 12:07 | Build | Palisade Wall |
| 12:10 | Build | Palisade Wall |
| 12:11 | Build | Palisade Wall |
| 12:11 | Build | Palisade Wall |
| 12:12 | Build | Palisade Wall |
| 12:13 | Build | Palisade Wall |
| 12:14 | Build | Palisade Wall |
| 12:24 | Queue | Villager (Male) |
| 12:25 | Queue | Archer |
| 12:26 | Queue | Archer |
| 12:41 | Queue | Archer |
| 12:41 | Queue | Archer |
| 12:45 | Build | Farm |
| 13:11 | Queue | Villager (Male) |
| 13:15 | Build | Farm |
| 13:16 | Build | Farm |
| 13:41 | Queue | Archer |
| 13:41 | Queue | Archer |
| 13:41 | Queue | Spearman |
| 13:41 | Queue | Spearman |
| 13:46 | Build | Palisade Wall |
| 13:47 | Build | Palisade Wall |
| 13:49 | Build | Palisade Wall |
| 13:50 | Build | Palisade Wall |
| 14:11 | Queue | Archer |
| 14:11 | Queue | Archer |
| 14:14 | Queue | Skirmisher |
| 14:14 | Queue | Spearman |
| 14:14 | Queue | Spearman |
| 14:14 | Queue | Villager (Male) |
| 14:29 | Build | Farm |
| 14:36 | Build | Palisade Wall |
| 14:40 | Queue | Archer |
| 14:59 | Queue | Villager (Male) |
| 15:03 | Build | Palisade Wall |
| 15:09 | Queue | Villager (Male) |
| 15:18 | Build | Mining Camp |
| 15:29 | Build | Farm |
| 15:33 | Queue | Villager (Male) |
| 16:02 | Queue | Archer |
| 16:03 | Queue | Archer |
| 16:15 | Queue | Villager (Male) |
| 16:18 | Queue | Villager (Male) |
| 16:30 | Build | Blacksmith |
| 16:36 | Queue | Spearman |
| 16:50 | Build | Farm |
| 17:09 | Build | Farm |
| 17:18 | Research | Fletching |
| 17:19 | Research | Fletching |
| 17:22 | Queue | Archer |
| 17:22 | Queue | Archer |
| 17:22 | Queue | Archer |
| 17:44 | Queue | Archer |
| 18:00 | Queue | Archer |
| 18:11 | Queue | Archer |
| 18:11 | Queue | Archer |
| 18:11 | Queue | Villager (Male) |
| 18:14 | Build | Farm |
| 18:14 | Queue | Villager (Male) |
| 18:21 | Queue | Archer |
| 18:21 | Queue | Archer |
| 18:35 | Queue | Villager (Male) |
| 18:50 | Queue | Archer |
| 18:51 | Queue | Archer |
| 18:56 | Queue | Archer |
| 18:56 | Queue | Archer |
| 18:59 | Build | Farm |
| 19:07 | Queue | Villager (Male) |
| 19:07 | Queue | Villager (Male) |
| 19:18 | Queue | Archer |
| 19:19 | Queue | Archer |
| 19:26 | Research | Padded Archer Armor |
| 19:27 | Queue | Villager (Male) |
| 19:37 | Queue | Spearman |
| 19:38 | Queue | Spearman |
| 19:39 | Queue | Archer |
| 19:42 | Queue | Villager (Male) |
| 19:45 | Build | Farm |
| 19:48 | Build | Farm |
| 20:27 | Build | Farm |
| 20:51 | Queue | Villager (Male) |
| 20:53 | Build | Farm |
| 20:53 | Queue | Villager (Male) |
| 20:56 | Build | Market |
| 21:32 | Build | Watch Tower |
| 21:38 | Build | Farm |
| 21:51 | Build | Watch Tower |
| 22:01 | Build | Farm |
| 22:49 | Research | Castle Age |
| 23:11 | Research | Scale Barding Armor |
| 23:11 | Research | Scale Barding Armor |
| 23:40 | Build | Palisade Wall |
| 23:41 | Build | Palisade Wall |
| 23:58 | Build | Palisade Wall |
| 24:25 | Build | Farm |
| 24:26 | Build | Farm |
| 24:27 | Queue | Villager (Male) |
| 24:28 | Build | Farm |
| 24:28 | Build | Farm |
Match timeline
| 3:17 | j1nkerS · wall_segment Palisade Wall x1 |
| 4:50 | Pedro · first_building Barracks |
| 6:49 | j1nkerS · wall_segment Palisade Wall x3 |
| 6:52 | j1nkerS · wall_segment Palisade Wall x4 |
| 6:53 | j1nkerS · wall_segment Palisade Wall x1 |
| 7:27 | j1nkerS · first_building Barracks |
| 7:40 | j1nkerS · wall_segment Palisade Wall x1 |
| 8:26 | j1nkerS · age_up feudal |
| 8:29 | j1nkerS · first_building Stable |
| 8:43 | j1nkerS · wall_segment Palisade Wall x6 |
| 8:46 | j1nkerS · wall_segment Palisade Wall x4 |
| 8:47 | j1nkerS · wall_segment Palisade Wall x3 |
| 9:24 | j1nkerS · wall_segment Palisade Wall x7 |
| 10:25 | Pedro · age_up feudal |
| 10:55 | Pedro · first_building Archery Range |
| 11:52 | Pedro · wall_segment Palisade Wall x1 |
| 11:56 | Pedro · wall_segment Palisade Wall x1 |
| 11:57 | Pedro · wall_segment Palisade Wall x1 |
| 11:59 | Pedro · wall_segment Palisade Wall x1 |
| 12:01 | Pedro · wall_segment Palisade Wall x1 |
| 12:03 | Pedro · wall_segment Palisade Wall x1 |
| 12:05 | Pedro · wall_segment Palisade Wall x1 |
| 12:07 | Pedro · wall_segment Palisade Wall x1 |
| 12:10 | Pedro · wall_segment Palisade Wall x1 |
| 12:11 | Pedro · wall_segment Palisade Wall x1 |
| 12:11 | Pedro · wall_segment Palisade Wall x1 |
| 12:12 | Pedro · wall_segment Palisade Wall x1 |
| 12:13 | Pedro · wall_segment Palisade Wall x1 |
| 12:14 | Pedro · wall_segment Palisade Wall x1 |
| 13:46 | Pedro · wall_segment Palisade Wall x1 |
| 13:47 | Pedro · wall_segment Palisade Wall x1 |
| 13:49 | Pedro · wall_segment Palisade Wall x1 |
| 13:50 | Pedro · wall_segment Palisade Wall x1 |
| 14:36 | Pedro · wall_segment Palisade Wall x1 |
| 15:03 | Pedro · wall_segment Palisade Wall x1 |
| 15:27 | j1nkerS · first_building Archery Range |
| 22:04 | Pedro · first_market_buy 100 food |
| 22:05 | Pedro · first_market_sell 100 wood |
| 23:34 | j1nkerS · wall_segment Palisade Wall x1 |
| 23:40 | Pedro · wall_segment Palisade Wall x1 |
| 23:41 | Pedro · wall_segment Palisade Wall x1 |
| 23:58 | Pedro · wall_segment Palisade Wall x1 |
| 24:39 | Pedro · first_building Stable |
| 24:57 | j1nkerS · age_up castle |
| 25:29 | Pedro · age_up castle |
| 26:01 | Pedro · first_building Siege Workshop |
| 27:38 | Pedro · first_building Monastery |
| 31:21 | Pedro · resign |
[ AI ANALYSIS · 1 CREDIT ]
What really happened in this match?
Wolo.gg analyzes every decision: build order, eco, micro, common mistakes by bracket. Personalized analysis on WhatsApp or Discord in 30 seconds.
Civ guide
Mongols
Perfil
Jugador #15752697